TOP OF THE 1ST |
Mercer Island Screaming Eagles batting - Pitching for Phoenix Hotspur Youth : LHP Yusuke Chikafuji
|
Pitching: LHP Yusuke Chikafuji
|
|
Batting: RHB Ted Cook
|
0-0: SINGLE (Line Drive, 4MD)
|
Batting: RHB Shawn McCormack
|
0-0: Ball 1-0: Foul Ball, location: 2F 1-1: Foul Ball, location: 2F 1-2: Ground out 5-3 (Groundball, 5S) Ted Cook to second
|
Batting: RHB Jason Ruffin
|
0-0: Called Strike 0-1: Called Strike 0-2: Ball 1-2: Strikes out swinging
|
Batting: RHB Luis Antonio Hernández
|
0-0: Ball 1-0: Called Strike 1-1: Ball 2-1: SINGLE (Flyball, 7S) Ted Cook to third Runner from 3rd tries for Home, SAFE, throw made home Luis Antonio Hernández to second
|
Batting: SHB Andrew Baker
|
0-0: Called Strike 0-1: Called Strike 0-2: Ball 1-2: Strikes out swinging
|
Top of the 1st over - 1 run(s), 2 hit(s), 0 error(s), 1 left on base; Mercer Island 1 - Phoenix Hotspur 0 |
BOTTOM OF THE 1ST |
Phoenix Hotspur Youth batting - Pitching for Mercer Island Screaming Eagles : LHP Tim Harris
|
Pitching: LHP Tim Harris
|
|
Batting: RHB David Rivas
|
0-0: Ball 1-0: Foul Ball, location: 2F 1-1: Ball 2-1: Swinging Strike 2-2: Ball 3-2: Strikes out swinging
|
Batting: RHB Al Thomas
|
0-0: Ball 1-0: Fly out, F9 (Flyball, 89M)
|
Batting: LHB Derek Blair
|
0-0: Ball 1-0: Ball 2-0: Called Strike 2-1: Ball 3-1: Base on Balls
|
Batting: RHB Javier González
|
0-0: Called Strike 0-1: Called Strike 0-2: Ground out 6-3 (Groundball, 6)
|
Bottom of the 1st over - 0 run(s), 0 hit(s), 0 error(s), 1 left on base; Mercer Island 1 - Phoenix Hotspur 0 |
TOP OF THE 2ND |
Mercer Island Screaming Eagles batting - Pitching for Phoenix Hotspur Youth : LHP Yusuke Chikafuji
|
Batting: LHB Jorge Pérez
|
0-0: Called Strike 0-1: Swinging Strike 0-2: Ball 1-2: Ball 2-2: Strikes out looking
|
Batting: SHB Ray Davis
|
0-0: Called Strike 0-1: Called Strike 0-2: Foul Ball, location: 2F 0-2: Foul Ball, location: 2F 0-2: Ball 1-2: Foul Ball, location: 2F 1-2: Ground out 4-3 (Groundball, 4M)
|
Batting: RHB Mario Blanco
|
0-0: Ball 1-0: Ball 2-0: Called Strike 2-1: Ball 3-1: Fly out, F2 (Popup, 2LF)
|
Top of the 2nd over - 0 run(s), 0 hit(s), 0 error(s), 0 left on base; Mercer Island 1 - Phoenix Hotspur 0 |
BOTTOM OF THE 2ND |
Phoenix Hotspur Youth batting - Pitching for Mercer Island Screaming Eagles : LHP Tim Harris
|
Batting: RHB Dan Perkins
|
0-0: Fly out, F7 (Flyball, 7M)
|
Batting: RHB António Padilla
|
0-0: Ball 1-0: Foul Ball, location: 2F 1-1: Called Strike 1-2: Strikes out swinging
|
Batting: RHB Alfredo Martínez
|
0-0: Ball 1-0: Foul Ball, location: 2F 1-1: Foul Ball, location: 2F 1-2: Ball 2-2: Ground out 5-3 (Groundball, 5)
|
Bottom of the 2nd over - 0 run(s), 0 hit(s), 0 error(s), 0 left on base; Mercer Island 1 - Phoenix Hotspur 0 |
TOP OF THE 3RD |
Mercer Island Screaming Eagles batting - Pitching for Phoenix Hotspur Youth : LHP Yusuke Chikafuji
|
Batting: RHB Alan Rosales
|
0-0: Called Strike 0-1: Foul Ball, location: 2F 0-2: Strikes out looking
|
Batting: RHB Ted Cook
|
0-0: Ball 1-0: Ball 2-0: Called Strike 2-1: Swinging Strike 2-2: Foul Ball, location: 2F 2-2: Foul Ball, location: 2F 2-2: Strikes out swinging
|
Batting: RHB Shawn McCormack
|
0-0: Ball 1-0: Ball 2-0: Ball 3-0: Called Strike 3-1: Base on Balls
|
Batting: RHB Jason Ruffin
|
0-0: Foul Ball, location: 2F 0-1: Called Strike 0-2: Ground out 6-3 (Groundball, 6)
|
Top of the 3rd over - 0 run(s), 0 hit(s), 0 error(s), 1 left on base; Mercer Island 1 - Phoenix Hotspur 0 |
BOTTOM OF THE 3RD |
Phoenix Hotspur Youth batting - Pitching for Mercer Island Screaming Eagles : LHP Tim Harris
|
Batting: RHB Satoshi Terada
|
0-0: Called Strike 0-1: Ball 1-1: Foul Ball, location: 2F 1-2: Foul Ball, location: 2F 1-2: Strikes out swinging
|
Batting: RHB Jesús Álvarez
|
0-0: Ball 1-0: Foul Ball, location: 2F 1-1: Ball 2-1: Swinging Strike 2-2: Foul Ball, location: 2F 2-2: Ball 3-2: Base on Balls
|
Batting: RHB David Rivas
|
0-0: Ball 1-0: Ball 2-0: SINGLE (Flyball, 9S) Jesús Álvarez to second Runner from 2nd tries for 3rd, SAFE, throw made to third
|
Batting: RHB Al Thomas
|
0-0: Called Strike 0-1: Ball 1-1: Ball 2-1: Swinging Strike 2-2: Ball 3-2: Foul Ball, location: 2F 3-2: Foul Ball, location: 2F 3-2: Foul Ball, location: 2F 3-2: SINGLE (Groundball, 56D) Jesús Álvarez scores David Rivas to second David Rivas to third
|
Batting: LHB Derek Blair
|
0-0: Ball 1-0: Called Strike 1-1: Foul Ball, location: 2F 1-2: Ball 2-2: Ball 3-2: Base on Balls Al Thomas to second
|
Batting: RHB Javier González
|
0-0: Called Strike 0-1: Foul Ball, location: 2F 0-2: Ball 1-2: Ball 2-2: GRAND SLAM HOME RUN (Flyball, 7D), Distance : 364 ft
|
Batting: RHB Dan Perkins
|
0-0: Called Strike 0-1: Swinging Strike 0-2: Strikes out swinging
|
Batting: RHB António Padilla
|
0-0: Called Strike 0-1: Ground out 4-3 (Groundball, 4M)
|
Bottom of the 3rd over - 5 run(s), 3 hit(s), 0 error(s), 0 left on base; Mercer Island 1 - Phoenix Hotspur 5 |
TOP OF THE 4TH |
Mercer Island Screaming Eagles batting - Pitching for Phoenix Hotspur Youth : LHP Yusuke Chikafuji
|
Batting: RHB Luis Antonio Hernández
|
0-0: Fly out, F2 (Popup, 2LF)
|
Batting: SHB Andrew Baker
|
0-0: Ball 1-0: SOLO HOME RUN (Flyball, 8RXD), Distance : 431 ft
|
Batting: LHB Jorge Pérez
|
0-0: DOUBLE (Line Drive, 89XD) - OUT at third base trying to stretch hit.
|
Batting: SHB Ray Davis
|
0-0: Ball 1-0: Called Strike 1-1: Ball 2-1: Ground out 5-3 (Groundball, 5)
|
Top of the 4th over - 1 run(s), 2 hit(s), 0 error(s), 0 left on base; Mercer Island 2 - Phoenix Hotspur 5 |
BOTTOM OF THE 4TH |
Phoenix Hotspur Youth batting - Pitching for Mercer Island Screaming Eagles : LHP Tim Harris
|
Batting: RHB Alfredo Martínez
|
0-0: Ground out 6-3 (Groundball, 6M)
|
Batting: RHB Satoshi Terada
|
0-0: Ball 1-0: Foul Ball, location: 2F 1-1: Ball 2-1: Reached on Error, E9 (Flyball, 9M)
|
Batting: RHB Jesús Álvarez
|
0-0: Ball 1-0: Ball 2-0: Ball 3-0: Called Strike Balk! Satoshi Terada to second 3-1: Swinging Strike 3-2: Ground out 6-3 (Groundball, 6)
|
Batting: RHB David Rivas
|
0-0: Foul Ball, location: 2F 0-1: SINGLE (Line Drive, 89S) Satoshi Terada to third Runner from 3rd tries for Home, SAFE, no throw or cutoff
|
Batting: RHB Al Thomas
|
0-0: Ball 1-0: Fly out, F7 (Flyball, 7M)
|
Bottom of the 4th over - 1 run(s), 1 hit(s), 1 error(s), 1 left on base; Mercer Island 2 - Phoenix Hotspur 6 |
TOP OF THE 5TH |
Mercer Island Screaming Eagles batting - Pitching for Phoenix Hotspur Youth : LHP Yusuke Chikafuji
|
Batting: RHB Mario Blanco
|
0-0: SINGLE (Groundball, 6)
|
Batting: RHB Alan Rosales
|
0-0: Ball 1-0: Called Strike 1-1: Swinging Strike 1-2: Strikes out swinging
|
Batting: RHB Ted Cook
|
0-0: Foul Ball, location: 2F 0-1: Called Strike 0-2: Strikes out swinging
|
Batting: RHB Shawn McCormack
|
0-0: Called Strike 0-1: Ball 1-1: Called Strike 1-2: Foul Ball, location: 2F 1-2: Foul Ball, location: 2F 1-2: Ball 2-2: Foul Ball, location: 2F 2-2: Foul Ball, location: 2F 2-2: Foul Ball, location: 2F 2-2: Fly out, F7 (Flyball, 78M)
|
Top of the 5th over - 0 run(s), 1 hit(s), 0 error(s), 1 left on base; Mercer Island 2 - Phoenix Hotspur 6 |
BOTTOM OF THE 5TH |
Phoenix Hotspur Youth batting - Pitching for Mercer Island Screaming Eagles : LHP Tim Harris
|
Batting: LHB Derek Blair
|
0-0: Called Strike 0-1: Ball 1-1: Ball 2-1: Ball 3-1: Called Strike 3-2: Ground out 3-1 (Groundball, 3L)
|
Batting: RHB Javier González
|
0-0: Ball 1-0: Called Strike 1-1: Ball 2-1: Ball 3-1: Ground out 5-3 (Groundball, 5)
|
Batting: RHB Dan Perkins
|
0-0: Ground out 3-1 (Groundball, 3)
|
Bottom of the 5th over - 0 run(s), 0 hit(s), 0 error(s), 0 left on base; Mercer Island 2 - Phoenix Hotspur 6 |
TOP OF THE 6TH |
Mercer Island Screaming Eagles batting - Pitching for Phoenix Hotspur Youth : LHP Yusuke Chikafuji
|
Batting: RHB Jason Ruffin
|
0-0: Ball 1-0: Foul Ball, location: 2F 1-1: Foul Ball, location: 2F 1-2: Foul Ball, location: 2F 1-2: Foul Ball, location: 2F 1-2: Ground out 6-3 (Groundball, 6)
|
Batting: RHB Luis Antonio Hernández
|
0-0: Fly out, F9 (Flyball, 89S)
|
Batting: SHB Andrew Baker
|
0-0: Called Strike 0-1: Ball 1-1: Ground out 1-3 (Groundball, 15S)
|
Top of the 6th over - 0 run(s), 0 hit(s), 0 error(s), 0 left on base; Mercer Island 2 - Phoenix Hotspur 6 |
BOTTOM OF THE 6TH |
Phoenix Hotspur Youth batting - Pitching for Mercer Island Screaming Eagles : LHP Tim Harris
|
Batting: RHB António Padilla
|
0-0: Ball 1-0: Ball 2-0: Called Strike 2-1: Swinging Strike 2-2: Ball 3-2: Ground out 6-3 (Groundball, 6)
|
Batting: RHB Alfredo Martínez
|
0-0: Ground out 5-3 (Groundball, 5)
|
Batting: RHB Satoshi Terada
|
0-0: Ball 1-0: Called Strike 1-1: Ball 2-1: Ball 3-1: Called Strike 3-2: Base on Balls
|
Pitching: RHP Adrian David
|
|
Batting: RHB Jesús Álvarez
|
0-0: Ball 1-0: Swinging Strike 1-1: Ball 2-1: Ball 3-1: SINGLE (Flyball, 9S) Satoshi Terada to second
|
Batting: RHB David Rivas
|
0-0: Ball 1-0: Called Strike 1-1: Ball 2-1: Fielders Choice at 2nd, U4 (Groundball, 4M)
|
Bottom of the 6th over - 0 run(s), 1 hit(s), 0 error(s), 2 left on base; Mercer Island 2 - Phoenix Hotspur 6 |
TOP OF THE 7TH |
Mercer Island Screaming Eagles batting - Pitching for Phoenix Hotspur Youth : LHP Yusuke Chikafuji
|
Batting: LHB Jorge Pérez
|
0-0: Called Strike 0-1: SINGLE (Line Drive, 4MD)
|
Batting: SHB Ray Davis
|
0-0: Ball 1-0: Ball 2-0: Foul Ball, location: 2F 2-1: SINGLE (Line Drive, 34D) Jorge Pérez to second
|
Pitching: LHP Juan López
|
|
Batting: RHB Mario Blanco
|
0-0: Called Strike 0-1: Sac Bunt - play at first, batter OUT! 1-4 Jorge Pérez to third Ray Davis to second
|
Batting: RHB Alan Rosales
|
0-0: Ball 1-0: Ball 2-0: Ball 3-0: Called Strike 3-1: Base on Balls
|
Batting: RHB Ted Cook
|
0-0: Swinging Strike 0-1: Foul Ball, location: 2F 0-2: Ball Wild Pitch! Jorge Pérez scores Ray Davis to third Alan Rosales to second 1-2: Ground out 5-3 (Groundball, 5)
|
Batting: RHB Shawn McCormack
|
0-0: Called Strike 0-1: Ball 1-1: Ball 2-1: Ball 3-1: Foul Ball, location: 2F 3-2: Foul Ball, location: 2F 3-2: Base on Balls
|
Batting: RHB Jason Ruffin
|
0-0: Ball 1-0: Called Strike 1-1: Foul Ball, location: 2F 1-2: Ball 2-2: Strikes out swinging
|
Top of the 7th over - 1 run(s), 2 hit(s), 0 error(s), 3 left on base; Mercer Island 3 - Phoenix Hotspur 6 |
BOTTOM OF THE 7TH |
Phoenix Hotspur Youth batting - Pitching for Mercer Island Screaming Eagles : RHP Adrian David
|
Batting: RHB Al Thomas
|
0-0: Ball 1-0: Ground out 6-3 (Groundball, 6M)
|
Batting: LHB Derek Blair
|
0-0: Foul Ball, location: 2F 0-1: Ball 1-1: Hit by Pitch
|
Batting: RHB Javier González
|
0-0: Ball 1-0: Ball 2-0: Ball 3-0: Base on Balls Derek Blair to second
|
Batting: RHB Dan Perkins
|
0-0: Foul Ball, location: 2F 0-1: Ball 1-1: Ball 2-1: Ball 3-1: Called Strike 3-2: Base on Balls Derek Blair to third Javier González to second
|
Pinch Hitting: LHB Arthur Ryan
|
0-0: Swinging Strike 0-1: Foul Ball, location: 2F 0-2: Ball 1-2: Fly out, F7 (Flyball, 7S)
|
Batting: RHB Alfredo Martínez
|
0-0: Called Strike 0-1: Ball 1-1: Ground out 5-3 (Groundball, 56)
|
Bottom of the 7th over - 0 run(s), 0 hit(s), 0 error(s), 3 left on base; Mercer Island 3 - Phoenix Hotspur 6 |
TOP OF THE 8TH |
Mercer Island Screaming Eagles batting - Pitching for Phoenix Hotspur Youth : LHP Juan López
|
Now at 3B: Pedro Martínez
|
|
Batting: RHB Luis Antonio Hernández
|
0-0: Called Strike 0-1: Swinging Strike 0-2: Strikes out swinging
|
Batting: SHB Andrew Baker
|
0-0: Ball 1-0: Ball 2-0: Ball 3-0: Called Strike 3-1: Swinging Strike 3-2: Base on Balls
|
Batting: LHB Jorge Pérez
|
0-0: Called Strike 0-1: Grounds into double play, 4-6-3 (Groundball, 4)
|
Top of the 8th over - 0 run(s), 0 hit(s), 0 error(s), 0 left on base; Mercer Island 3 - Phoenix Hotspur 6 |
BOTTOM OF THE 8TH |
Phoenix Hotspur Youth batting - Pitching for Mercer Island Screaming Eagles : RHP Adrian David
|
Batting: RHB Satoshi Terada
|
0-0: Foul Ball, location: 2F 0-1: Swinging Strike 0-2: Strikes out swinging
|
Batting: RHB Jesús Álvarez
|
0-0: Ball 1-0: Ball 2-0: Called Strike 2-1: Ground out 4-3 (Groundball, 4)
|
Batting: RHB David Rivas
|
0-0: Ball 1-0: Ball 2-0: Called Strike 2-1: Foul Ball, location: 2F 2-2: Foul Ball, location: 2F 2-2: Ground out 5-3 (Groundball, 6S)
|
Bottom of the 8th over - 0 run(s), 0 hit(s), 0 error(s), 0 left on base; Mercer Island 3 - Phoenix Hotspur 6 |
TOP OF THE 9TH |
Mercer Island Screaming Eagles batting - Pitching for Phoenix Hotspur Youth : LHP Juan López
|
Pitching: RHP Jaime van de Weideven
|
|
Batting: SHB Ray Davis
|
0-0: Ball 1-0: Foul Ball, location: 2F 1-1: Foul Ball, location: 2F 1-2: Ball 2-2: Strikes out looking
|
Batting: RHB Mario Blanco
|
0-0: Ball 1-0: Ground out 4-3 (Groundball, 6M)
|
Batting: RHB Alan Rosales
|
0-0: Swinging Strike 0-1: Ball 1-1: Called Strike 1-2: Ball 2-2: Strikes out looking
|
Top of the 9th over - 0 run(s), 0 hit(s), 0 error(s), 0 left on base; Mercer Island 3 - Phoenix Hotspur 6 |
|